 Seeded DCSS version 0.29-a0-362-g5854e031c7 (webtiles) character file.

Game seed: 999999999999999999 (custom seed)

20 lucidbluej the Chopper (level 2, -1/27 HPs)
             Began as a Minotaur Berserker on Apr 29, 2022.
             Was a Follower of Trog.
             Slain by a goblin
             ... wielding a +0 dagger
             ... led by Robin
              (3 damage)
             ... on level 2 of the Dungeon.
             The game lasted 00:04:02 (865 turns).

lucidbluej the Chopper (Minotaur Berserker)          Turns: 865, Time: 00:04:03

Health: -1/27      AC:  2    Str: 21    XL:     2   Next: 58%
Magic:  1/1        EV: 10    Int:  4    God:    Trog [*.....]
Gold:   70         SH:  6    Dex:  9    Spells: 1/1 levels left

rFire   . . .      SeeInvis .   a - +0 hand axe
rCold   . . .      Faith    .   o - +0 kite shield
rNeg    . . .      Spirit   .   b - +0 animal skin
rPois   .          Reflect  .   (helmet restricted)
rElec   .          Harm     .   l - scarf {repulsion}
rCorr   .          Rampage  .   (no gloves)
Will    +....                   (no boots)
Stlth   +.........              (no amulet)
HPRegen 0.09/turn               j - ring of willpower
MPRegen 0.07/turn               (no ring)

@: repel missiles
A: horns 2, retaliatory headbutt
a: Renounce Religion, Berserk


You were on level 2 of the Dungeon.
You worshipped Trog.
Trog was aware of your devotion.
You visited 1 branch of the dungeon, and saw 2 of its levels.

You collected 70 gold pieces.

Inventory:

Hand Weapons
 a - a +0 hand axe (weapon)
 e - a +0 hunting sling
 g - a +0 short sword
 i - a +0 dagger
 k - a +0 dagger
Missiles
 q - 38 stones (quivered)
Armour
 b - a +0 animal skin (worn)
 f - a +0 pair of boots
 l - a scarf of repulsion (worn)
 o - a +0 kite shield (worn)
 p - a +0 pair of gloves
Jewellery
 j - a ring of willpower (left hand)
 m - a +4 ring of evasion
Scrolls
 d - 2 scrolls of identify {unknown}
 h - a scroll of teleportation {unknown}
 r - a scroll of noise {unknown}
Potions
 c - a potion of berserk rage {unknown}
 n - a potion of curing {unknown}


   Skills:
 + Level 4.1 Fighting
 + Level 4.2 Axes
 + Level 2.6 Armour
 + Level 2.2 Dodging


You had one spell level left.
You didn't know any spells.
Your spell library was empty.

Dungeon Overview and Level Annotations

Branches:
Dungeon (2/15)

Altars:

Shops:
D:1 (


Innate Abilities, Weirdness & Mutations

You have a pair of horns on your head.
You reflexively headbutt those who attack you in melee.


Message History

You kill the goblin!
Trog accepts your kill.
You hit the goblin. The goblin hits you with a +0 dagger.
A goblin comes into view. It is wielding a +0 club.
The goblin hits you with a +0 dagger.
* * * LOW HITPOINT WARNING * * *
Things that are here:
a +0 dagger; a +0 club; a goblin corpse You closely miss the goblin.
You headbutt the goblin.
You kill the goblin!
Trog accepts your kill.
A goblin comes into view. It is wielding a +0 club.
The goblin moves out of view.
You closely miss the goblin.
A goblin comes into view. It is wielding a +0 dagger.
You closely miss the goblin.
The goblin shouts! x2
The goblin closely misses you.
You closely miss the goblin. The goblin hits you with a +0 club.
* * * LOW HITPOINT WARNING * * *
A kobold comes into view. It is wielding a +0 club.
The goblin hits you with a +0 club.
* * * LOW HITPOINT WARNING * * *
You block the goblin's attack.
You slash the goblin!
You kill the goblin!
Trog accepts your kill.
You hit the goblin.
You kill the goblin!
Trog accepts your kill.
You hit the goblin.
The goblin is moderately wounded.
The goblin hits you but does no damage.
You closely miss the goblin.
The goblin is moderately wounded.
The goblin hits you but does no damage.
You closely miss the goblin.
The goblin is moderately wounded.
The goblin hits you with a +0 dagger.
You die...

. #. .. #
#> .# #.
..
#..####.#
#....@gK#
##.##)###
# ....
...###
#####


You could see a goblin and a kobold.

Vanquished Creatures
  3 bats (D:1)
  A giant cockroach (D:1)
  8 goblins
  2 hobgoblins
  A frilled lizard (D:1)
  A kobold (D:1)
  A rat (D:1)
17 creatures vanquished.

Notes
Turn   | Place    | Note
-------+----------+-------------------------------------------
     0 | D:1      | lucidbluej the Minotaur Berserker began the quest for the
                  | Orb.
     0 | D:1      | Reached XP level 1. HP: 19/19 MP: 0/0
   295 | D:1      | Found Renidy's Antique Weapon Emporium.
   645 | D:1      | Reached XP level 2. HP: 27/27 MP: 1/1
   861 | D:2      | HP: 1/27 [goblin/+0 club[Robin] (4)]
   865 | D:2      | Slain by a goblin

Illustrated notes

Levels and vault maps discovered:
D:1:      lemuel_arrival_broad_hall, layout_loops_ring, serial_shops,
          nicolae_square_shop
D:2:      layout_basic, shapermc_ecumenical_altar_pompeii, uniq_robin

Skill      XL: |  1  2 |
---------------+-------+-----
Axes           | 4 |  4.2
Fighting       | 4 |  4.1
Armour         | |  2.6
Dodging        | |  2.2

Action                   || total
-------------------------++-------
Melee: Hand axe          ||    30
       Headbutt          ||     1
Armor: Animal skin       ||     8
Dodge: Dodged            ||    18
Block: Kite shield       ||     3

Table legend: (Time is in decaauts)
 A = Elapsed time spent in this place.
 B = Non-inter-level travel time spent in this place.
 C = Inter-level travel time spent in this place.
 D = Time resting spent in this place.
 E = Time spent auto-exploring this place.
 F = Levels seen in this place.
 G = Mean time per level.
                   A        B        C        D        E       F      G
               +--------+--------+--------+--------+--------+-----+--------+
         Total |    870 |    533 |    337 |      0 |    386 |   2 |  435.0 |
       Dungeon |    870 |    533 |    337 |      0 |    386 |   2 |  435.0 |
               +--------+--------+--------+--------+--------+-----+--------+

Top non-repeatable levels by time:
     D:1: 846 daAuts
     D:2: 23 daAuts
